 Dungeon Crawl Stone Soup version 0.30-a0-1112-gfb780f5df6 (webtiles) character file.

Game seed: 16084212690502577100

8317 Hubris850 the Cleaver (level 11, -1/85 HPs)
             Began as a Hill Orc Monk on Apr 19, 2023.
             Was a Priest of Qazlal.
             Slain by a lindwurm (3 damage)
             ... on level 1 of the Lair of Beasts.
             The game lasted 00:21:44 (9416 turns).

Hubris850 the Cleaver (Hill Orc Monk)               Turns: 9416, Time: 00:21:45

Health: -1/85      AC:  9    Str: 19    XL:     11   Next: 29%
Magic:  13/18      EV: 17    Int: 10    God:    Qazlal [***...]
Gold:   543        SH:  4    Dex: 13    Spells: 10/10 levels left

rFire   . . .      SeeInvis .    L - +2 broad axe (flame)
rCold   . . .      Faith    .    d - orb {light}
rNeg    + . .      Spirit   .    M - +0 steam dragon scales
rPois   .          Reflect  .    (helmet restricted)
rElec   .          Rampage  .    K - +2 cloak
rCorr   .          Clarity  +    (no gloves)
Will    .....                    (no boots)
Stlth   +                        (no amulet)
HPRegen 0.34/turn                A - +5 ring of evasion
MPRegen 0.16/turn                G - ring of positive energy

@: glowing
A: horns 1, clarity
a: Renounce Religion, Upheaval, Elemental Force


You were on level 1 of the Lair of Beasts.
You worshipped Qazlal.
Qazlal was most pleased with you.
You visited 3 branches of the dungeon, and saw 11 of its levels.

You collected 543 gold pieces.

Inventory:

Hand Weapons
 L - a +2 broad axe of flaming (weapon)
Missiles
 j - 7 curare-tipped darts
 E - 32 poisoned darts
 H - 11 boomerangs (quivered)
Armour
 d - an orb of light (worn)
 K - a +2 cloak (worn)
 M - +0 steam dragon scales (worn)
Jewellery
 A - a +5 ring of evasion (left hand)
 G - a ring of positive energy (right hand)
Wands
 c - a wand of roots (21)
 P - a wand of mindburst (18)
 Q - a wand of paralysis (9)
 W - a wand of flame (5)
 Y - a wand of quicksilver (5)
Scrolls
 i - a scroll of immolation
 k - 3 scrolls of magic mapping
 s - a scroll of blinking
 y - 2 scrolls of fear
 D - 3 scrolls of teleportation
 J - a scroll of poison {unknown}
Potions
 l - a potion of invisibility
 p - 4 potions of heal wounds
 v - 3 potions of curing
 w - a potion of attraction {unknown}
 B - 2 potions of lignification {unknown}
 T - a potion of magic {unknown}
 V - a potion of might


   Skills:
 - Level 4.4 Fighting
 + Level 14.2 Axes
 + Level 7.5 Throwing
 - Level 6.0 Armour
 - Level 3.0 Dodging
 + Level 10.4 Invocations
 - Level 3.0 Evocations


You had 10 spell levels left.
You didn't know any spells.
Your spell library contained the following spells:

 Spells                   Type           Power      Damage    Failure   Level
 Sting                    Tmut/Pois      0%         1d3       36%         1
 Poisonous Vapours        Pois/Air       0%         N/A       50%         2
 Anguish                  Hex/Necr       0%         N/A       98%         4
 Cause Fear               Hex            0%         N/A       98%         4
 Olgreb's Toxic Radiance  Pois           0%         N/A       98%         4
 Enfeeble                 Hex            0%         N/A       100%        7


Dungeon Overview and Level Annotations

Branches:
Dungeon (9/15)             Temple (1/1) D:5            Lair (1/5) D:8
    Orc: D:9-12

Altars:
Ashenzari
Cheibriados
Dithmenos
Elyvilon
Fedhas
Gozag
Hepliaklqana
Kikubaaqudgha
Makhleb
Nemelex Xobeh
Okawaru
Qazlal
Ru
Trog
Uskayaw
Vehumet
Wu Jian
Xom
Yredelemnul
Zin
The Shining One

Annotations:
Temple 2 transporters


Innate Abilities, Weirdness & Mutations

You have a pair of small horns on your head.
You possess an exceptional clarity of mind.


Message History

You turn to flesh and can move again.
Unknown command.
You barely miss the lindwurm. You hit the basilisk. You burn the basilisk.
The basilisk gazes at you. You resist with some effort.
You block the lindwurm's attack. The lindwurm barely misses you.
The lindwurm claws you but does no damage.
You hit the lindwurm. You burn the lindwurm.
The lindwurm is lightly wounded.
You hit the basilisk. You burn the basilisk.
You kill the basilisk!
Qazlal accepts your kill.
You hit the lindwurm but do no damage.
The lindwurm is lightly wounded.
The lindwurm closely misses you. x2; The lindwurm barely misses you.
You slice the lindwurm!! You burn the lindwurm.
The lindwurm is severely wounded.
You hit the lindwurm. You burn the lindwurm.
The lindwurm bites you but does no damage.
The lindwurm claws you. x2; The lindwurm bites you.
The lindwurm claws you. The lindwurm completely misses you.
You hit the lindwurm but do no damage.
The lindwurm is severely wounded.
You slash the lindwurm! You burn the lindwurm.
The lindwurm breathes flames at you.
The blast of flame is repelled.
The lindwurm breathes flames at you. The blast of flame hits you!!
* * * LOW HITPOINT WARNING * * *
Activating: Elemental Force (1% risk of failure)
Press: ? - help, Dir - look around, f - activate Clouds arounds you coalesce and take form!
The storm surrounding you is now too weak to repel missiles.
You will no longer adapt resistances upon receiving elemental damage.
The lindwurm barely misses you. The lindwurm claws you!
* * * LOW HITPOINT WARNING * * *
The lindwurm misses you. The lindwurm bites you!
* * * LOW HITPOINT WARNING * * *
The lindwurm claws you.
You die...

............###'##..
...............#|[.)#..
................#=?!.#..
.....................#..
........................
...#....P#..........#..
.............#[.<....
#kkEE#.....#....P..
#.@.E#..........#..
#..†E......#.......
#...E#.....#....#..
...P....#.....#>...#.†
........#.....#.....†.
#....$...#......#.##...
#...#....#.............
+...#........##+##P.#..
.# #......... .....#.


You could see 2 lindwurms, 2 friendly water elementals, 2 friendly fire
elementals and a friendly air elemental (summoned).

Vanquished Creatures
  A two-headed ogre (D:9)
  Pikel (D:6)
  An elephant (D:8)
  Maggie (D:6)
  A cane toad (Lair:1)
  Psyche (D:8)
  Grinder (D:3)
  6 yaks
  A wyvern (D:9)
  3 basilisks
  A steam dragon (D:5)
  3 vampire mosquitoes (D:6)
  5 water moccasins
  Duvessa (D:6)
  3 ice beasts (D:7)
  An orc warrior (D:8)
  2 sky beasts
  2 black bears
  2 ogres
  A lemure (D:6)
  Blork the orc (D:4)
  3 kobold brigands
  A gnoll sergeant (D:7)
  4 scorpions
  A bullfrog (Lair:1)
  14 wights
  Dowan (D:6)
  5 hounds
  2 jellies
  Crazy Yiuf (D:6)
  Terence (D:3)
  2 iguanas
  5 orc wizards
  23 gnolls
  9 adders
  2 white imps
  An ufetubus (D:6)
  A worm (D:2)
  A dart slug (D:1)
  22 orcs
  10 ball pythons
  9 endoplasms
  A giant cockroach (D:1)
  29 goblins
  23 hobgoblins
  3 jackals (D:2)
  18 kobolds
  5 quokkas
  3 bats
  2 frilled lizards
  7 rats
248 creatures vanquished.

Vanquished Creatures (others)
  A vampire (D:6)
  5 fungi
  A plant (D:8)
7 creatures vanquished.

Grand Total: 255 creatures vanquished

Notes
Turn   | Place    | Note
-------+----------+-------------------------------------------
     0 | D:1      | Hubris850 the Hill Orc Monk began the quest for the Orb.
     0 | D:1      | Reached XP level 1. HP: 19/19 MP: 1/1
    65 | D:1      | Reached XP level 2. HP: 11/27 MP: 2/2
   284 | D:1      | Found a faded altar of an unknown god.
   706 | D:2      | Reached XP level 3. HP: 32/33 MP: 3/3
   745 | D:2      | Reached skill level 1 in Armour
   828 | D:2      | Reached XP level 4. HP: 40/41 MP: 4/4
  1392 | D:3      | Reached skill level 5 in Axes
  1474 | D:3      | Reached XP level 5. HP: 47/47 MP: 5/5
  1572 | D:3      | Noticed Grinder
  1593 | D:3      | Killed Grinder
  1594 | D:3      | Reached skill level 6 in Axes
  1594 | D:3      | Reached XP level 6. HP: 51/53 MP: 6/6
  1945 | D:3      | Noticed Terence
  1953 | D:3      | Killed Terence
  2418 | D:4      | Reached skill level 7 in Axes
  2443 | D:4      | Noticed Blork the orc
  2452 | D:4      | Killed Blork the orc
  2453 | D:4      | Reached XP level 7. HP: 31/60 MP: 7/7
  2666 | D:4      | Reached skill level 5 in Armour
  2866 | D:4      | Reached skill level 8 in Axes
  3127 | D:4      | Reached XP level 8. HP: 63/67 MP: 8/8
  3657 | D:5      | Entered Level 5 of the Dungeon
  3665 | D:5      | Reached skill level 9 in Axes
  3714 | D:5      | Found a large runed translucent door.
  3717 | D:5      | Found a large runed translucent door.
  3889 | D:5      | Reached skill level 1 in Throwing
  3898 | D:5      | Reached skill level 10 in Axes
  4089 | D:5      | Found a staircase to the Ecumenical Temple.
  4093 | Temple   | Entered the Ecumenical Temple
  4093 | Temple   | Found a transporter.
  4093 | Temple   | Found a transporter.
  4095 | Temple   | Found a transporter.
  4095 | Temple   | Found a transporter.
  4109 | Temple   | Became a worshipper of Qazlal Stormbringer
  4109 | Temple   | Reached * piety under Qazlal
  4109 | Temple   | Reached ** piety under Qazlal
  4230 | D:5      | Reached skill level 1 in Invocations
  4429 | D:5      | Found a hazy altar of Hepliaklqana.
  4439 | D:5      | Found a sparkling altar of Nemelex Xobeh.
  4591 | D:6      | HP: 2/67 [vampire mosquito (6)]
  4700 | D:6      | Reached XP level 9. HP: 48/72 MP: 11/11
  4809 | D:6      | Reached skill level 11 in Axes
  4941 | D:6      | Noticed Pikel
  4947 | D:6      | Gained mutation: You have a pair of small horns on your
                  | head. [potion of mutation]
  4947 | D:6      | Gained mutation: You possess an exceptional clarity of
                  | mind. [potion of mutation]
  4964 | D:6      | Killed Pikel
  4965 | D:6      | Reached skill level 5 in Invocations
  5300 | D:6      | Noticed Duvessa
  5321 | D:6      | Noticed Dowan
  5324 | D:6      | Killed Duvessa
  5348 | D:6      | Killed Dowan
  5561 | D:6      | Reached skill level 12 in Axes
  5561 | D:6      | Reached skill level 5 in Throwing
  5824 | D:6      | Found a runed translucent door.
  5825 | D:6      | Noticed Crazy Yiuf
  5830 | D:6      | Killed Crazy Yiuf
  5997 | D:6      | Noticed Maggie
  6013 | D:6      | Killed Maggie
  6014 | D:6      | Reached XP level 10. HP: 10/80 MP: 15/15
  7312 | D:7      | Found an opulent altar of Gozag.
  7642 | D:8      | Reached *** piety under Qazlal
  7754 | D:8      | Reached skill level 13 in Axes
  7858 | D:8      | Reached skill level 1 in Evocations
  7920 | D:8      | Found a sacrificial altar of Ru.
  8065 | D:8      | Noticed Psyche
  8120 | D:8      | Killed Psyche
  8187 | D:8      | Noticed an elephant
  8195 | D:8      | Killed an elephant
  8371 | D:8      | Found a staircase to the Lair.
  8652 | D:8      | Found a broken altar of Ashenzari.
  8964 | D:9      | Noticed a two-headed ogre
  8969 | D:9      | Killed a two-headed ogre
  8970 | D:9      | Reached XP level 11. HP: 9/85 MP: 18/18
  9238 | Lair:1   | Entered Level 1 of the Lair of Beasts
  9294 | Lair:1   | Reached skill level 10 in Invocations
  9296 | Lair:1   | Reached skill level 14 in Axes
  9389 | Lair:1   | Reached **** piety under Qazlal
  9407 | Lair:1   | Noticed a lindwurm
  9410 | Lair:1   | Noticed a lindwurm
  9416 | Lair:1   | HP: 2/85 [lindwurm (12)]
  9416 | Lair:1   | Slain by a lindwurm

Illustrated notes

Levels and vault maps discovered:
D:1:      minmay_arrival_shoal_huts, layout_rooms, basic_ecumenical_altar
D:2:      layout_loops_ring, minmay_tetromino_t2
D:3:      layout_basic, kennysheep_generic_room_6, uniq_grinder, uniq_terence
D:4:      minmay_goblin_kobold_castle, layout_rooms, uniq_blork_the_orc
D:5:      layout_basic, jmf_multi_god_temple2, temple_hall_moat,
          minmay_misc_feat_room, hellmonk_bongcloud_opening
D:6:      layout_basic, hangedman_abyss_or_decor_stabs, palyth_stone_intersect,
          uniq_duvessa, uniq_maggie, uniq_crazy_yiuf_cottage, uniq_pikel
D:7:      layout_gridville, mainiacjoe_overflow_paths, minivault_19
D:8:      layout_loops_ring, nicolae_ru_awakened_eye, lemuel_crystal_altar,
          david_lair_generic, minmay_misc_feat_cross, uniq_psyche
D:9:      layout_cave_pools
Temple:   hellmonk_temple_divided_pantheon
Lair:1:   layout_chaotic_city, minmay_lair_oklob_bushes, nicolae_lair_lindhole,
          uniq_urug

Skill      XL: |  1  2  3  4  5  6  7  8  9 10 11 |
---------------+----------------------------------+-----
Fighting       | 4 |  4.4
Armour         | 1 2 3 4 6 |  6.0
Dodging        | 3 |  3.0
Axes           | 5 6 7 8 10 12 13 14 | 14.2
Throwing       | 3 5 7 |  7.5
Invocations    | 3 7 9 10 | 10.4
Evocations     | 3 |  3.0

Action                     |  1- 3 |  4- 6 |  7- 9 | 10-12 || total
---------------------------+-------+-------+-------+-------++-------
  Melee: Hand axe          |    22 |    56 |   180 |       ||   258
         War axe           |    39 |    39 |       |       ||    78
         Battleaxe         |       |       |   149 |       ||   149
         Headbutt          |       |       |    10 |    43 ||    53
         Broad axe         |       |       |       |   178 ||   178
  Throw: Dart              |       |       |     6 |     3 ||     9
         Boomerang         |       |       |       |     3 ||     3
 Invoke: Elemental Force   |       |       |       |     1 ||     1
  Evoke: Wand              |       |       |     1 |       ||     1
    Use: Potion            |       |     2 |     7 |       ||     9
         Scroll            |       |       |     3 |     8 ||    11
 Armour: Robe              |     1 |       |       |       ||     1
         Leather armour    |     6 |       |       |       ||     6
         Ring mail         |     3 |    32 |    30 |       ||    65
         Chain mail        |       |       |    70 |       ||    70
         Steam dragon scal |       |       |       |    29 ||    29
  Dodge: Dodged            |    41 |    72 |   239 |    99 ||   451
         Repelled          |       |       |       |     1 ||     1
  Block: Orb               |       |       |     2 |    15 ||    17
         Other             |       |       |     6 |       ||     6

Table legend: (Time is in decaauts)
 A = Elapsed time spent in this place.
 B = Non-inter-level travel time spent in this place.
 C = Inter-level travel time spent in this place.
 D = Time resting spent in this place.
 E = Time spent auto-exploring this place.
 F = Levels seen in this place.
 G = Mean time per level.
                   A        B        C        D        E       F      G
               +--------+--------+--------+--------+--------+-----+--------+
         Total |   9409 |   9096 |    313 |   1320 |   5908 |  11 |  855.4 |
       Dungeon |   9203 |   8890 |    313 |   1320 |   5824 |   9 | 1022.6 |
        Temple |     30 |     30 |      0 |      0 |      0 |   1 |   30.0 |
          Lair |    175 |    175 |      0 |      0 |     84 |   1 |  175.0 |
               +--------+--------+--------+--------+--------+-----+--------+

Top non-repeatable levels by time:
     D:6: 2227 daAuts
     D:4: 1268 daAuts
     D:3: 1143 daAuts
     D:8: 1104 daAuts
     D:7: 953 daAuts
     D:5: 769 daAuts
     D:2: 669 daAuts
     D:1: 590 daAuts
     D:9: 475 daAuts
  Lair:1: 175 daAuts
  Temple: 30 daAuts
